 Dungeon Crawl Stone Soup version 0.27.1-34-g3ba077fa99 (webtiles) character file.

Game seed: 2024855046636375373

438 chmiii the Cudgeller (level 6, 0/61 HPs)
             Began as a Troll Hunter on Jan 30, 2022.
             Slain by an orc (3 damage)
             ... on level 4 of the Dungeon.
             The game lasted 00:08:22 (2073 turns).

chmiii the Cudgeller (Troll Hunter)                 Turns: 2073, Time: 00:08:24

Health: 0/61       AC:  4    Str: 21    XL:     6   Next: 69%
Magic:  5/5        EV: 10    Int:  7    God:
Gold:   94         SH:  0    Dex: 12    Spells: 5/5 levels left

rFire    . . .     SeeInvis .   a - +0 morningstar
rCold    . . .     Faith    .   (no shield)
rNeg     . . .     Spirit   .   b - +0 robe
rPois    .         Reflect  .   (helmet restricted)
rElec    .         Harm     .   (no cloak)
rCorr    .         Rampage  .   (gloves unavailable)
Will     .....                  (boots unavailable)
Stlth    +.........             (no amulet)
HPRegen  1.20/turn              (no ring)
MPRegen  0.09/turn              (no ring)

@: no status effects
A: large, unfitting armour, claws 3, regeneration 1, shaggy fur 1, tough skin 1
a: no special abilities


You were on level 4 of the Dungeon.
You visited 1 branch of the dungeon, and saw 4 of its levels.

You collected 94 gold pieces.

Inventory:

Hand Weapons
 a - a +0 morningstar (weapon)
Missiles
 c - 3 large rocks (quivered)
 d - 4 throwing nets
Armour
 b - a +0 robe (worn)
 k - a +0 kite shield
Scrolls
 e - 2 scrolls of identify
 g - a scroll of enchant weapon {unknown}
 h - a scroll of torment {unknown}
 i - a scroll of acquirement {unknown}
 j - a scroll of immolation {unknown}
 n - 2 scrolls of magic mapping
 o - a scroll of fear {unknown}
 q - a scroll of teleportation {unknown}
Potions
 f - a potion of magic {unknown}
 l - 2 potions of degeneration {unknown}
 m - a potion of heal wounds {unknown}
 p - a potion of curing {unknown}


   Skills:
 + Level 3.6 Fighting
 * Level 5.1 Maces & Flails
 - Level 3.6 Throwing
 - Level 1.5 Dodging
 - Level 0.3 Stealth


You had 5 spell levels left.
You didn't know any spells.
Your spell library was empty.

Dungeon Overview and Level Annotations

Branches:
Dungeon (4/15)
 Temple: D:4-7

Altars:
Hepliaklqana
Ru
Yredelemnul
Zin


Innate Abilities, Weirdness & Mutations

You are too large for most types of armour.
You have claws for hands.
Your natural rate of healing is unusually fast.
You are covered in fur. (AC +1)
You have tough skin. (AC +1)


Message History

The orc priest is severely wounded.
The iguana bites you!
The orc priest hits you but does no damage.
You hit the orc priest.
You kill the orc priest!
The iguana bites you!
The orc priest mumbles some strange prayers to Beogh against you.
Beogh smites you!
* * * LOW HITPOINT WARNING * * *
The iguana barely misses you.
Your Maces & Flails skill increases to level 5!
As you read the scroll labelled WITUBB CIEB, it crumbles to dust.
It is a scroll of identify.
n - 2 scrolls of magic mapping The orc barely misses you.
The iguana misses you.
Unknown command.
The orc priest invokes the aid of Beogh against you.
Beogh smites you!
* * * LOW HITPOINT WARNING * * *
You barely miss the orc. The orc closely misses you.
Throw: 5 large rocks
Press: ? - help, Q - select action, (/) - cycle Shift-Dir - straight line, f - orc
Aim: an orc, wielding a +0 club and wearing a +0 leather armour (59% to hit)
You throw a large rock. The large rock closely misses the orc.
The orc hits you with a +0 club.
* * * LOW HITPOINT WARNING * * *
The orc hits you with a +0 club.
* * * LOW HITPOINT WARNING * * *
The orc priest miscasts a cantrip.
Throw: 4 large rocks
Press: ? - help, Q - select action, (/) - cycle Shift-Dir - straight line, f - orc priest, p - orc
Aim: an orc priest, wielding a +0 mace and wearing a +0 leather armour (59% to hit)
You throw a large rock. The large rock closely misses the orc.
The large rock hits the orc priest.
The orc priest is moderately wounded.
The orc priest calls down the wrath of Beogh upon you.
Beogh smites you!
* * * LOW HITPOINT WARNING * * *
The orc hits you with a +0 club.
You die...

#_# .... ##.## ...
#...####..
##...##(... #....^#
#..######
###.....###.ol....#
##....8....#######.#
......#......#####o#
....8###8......'@#.#
......#......###olo#
##....8....#######(#
###.....###.......#
#.....##...######
##...##....#
#...#..##.#
##.###.##.#
#_#......#


You could see an iguana, an orc priest and an orc.

Vanquished Creatures
  A black bear (D:2)
  A phantom (D:4)
  A jelly (D:4)
  An orc priest (D:4)
  2 hound skeletons (D:4)
  4 adders
  8 gnolls
  An ufetubus (D:3)
  A worm (D:3)
  A dart slug (D:3)
  5 orcs
  3 bats
  3 endoplasms
  4 giant cockroaches
  6 goblins
  4 hobgoblins
  7 kobolds
  2 quokkas
  6 ball pythons
  2 frilled lizards (D:2)
  2 rats (D:3)
65 creatures vanquished.

Notes
Turn   | Place    | Note
-------+----------+-------------------------------------------
     0 | D:1      | chmiii the Troll Hunter began the quest for the Orb.
     0 | D:1      | Reached XP level 1. HP: 19/19 MP: 0/0
     3 | D:1      | Noticed an electric eel
     4 | D:1      | Noticed an electric eel
    83 | D:1      | Reached skill level 1 in Maces & Flails
   112 | D:1      | Reached XP level 2. HP: 26/28 MP: 1/1
   666 | D:2      | Noticed a black bear
   674 | D:2      | Killed a black bear
   675 | D:2      | Reached skill level 3 in Maces & Flails
   675 | D:2      | Reached XP level 3. HP: 36/36 MP: 2/2
   675 | D:2      | Reached XP level 4. HP: 44/44 MP: 3/3
  1032 | D:2      | Reached XP level 5. HP: 44/50 MP: 4/4
  1163 | D:3      | Reached skill level 4 in Maces & Flails
  1396 | D:3      | Found a faded altar of an unknown god.
  1697 | D:3      | Reached XP level 6. HP: 59/61 MP: 5/5
  1900 | D:4      | Found a glowing silver altar of Zin.
  2019 | D:4      | Found a hazy altar of Hepliaklqana.
  2027 | D:4      | Found a basalt altar of Yredelemnul.
  2030 | D:4      | Found a sacrificial altar of Ru.
  2062 | D:4      | Reached skill level 5 in Maces & Flails
  2073 | D:4      | HP: 3/61 [orc priest/divine providence (10)]
  2073 | D:4      | Slain by an orc

Illustrated notes

Levels and vault maps discovered:
D:1:      arrival_aquarium_b, layout_basic, hangedman_decor_points
D:2:      layout_rooms
D:3:      layout_basic, dreamdust_ecumenical_altar_angels_and_demons
D:4:      layout_loops_ring, mainiacjoe_overflow_24_doors,
          minmay_overflow_temple_star_quad, serial_shops,
          nicolae_shop_competitors_out_of_business,
          chequers_serial_rivers_small_b, hangedman_decor_clover_reticule,
          minmay_stone_trees_large, chequers_mini_garden, grunt_decor_clamped

Skill      XL: |  1  2  3  4  5  6 |
---------------+-------------------+-----
Maces & Flails | 1 3 4 5 |  5.1
Fighting       | 2 3 |  3.6
Throwing       | |  3.6
Dodging        | |  1.5
Stealth        | |  0.3

Action                   |  1- 3 |  4- 6 || total
-------------------------+-------+-------++-------
Melee: Short sword       |    22 |       ||    22
       Unarmed           |    39 |    21 ||    60
       Morningstar       |       |   144 ||   144
Throw: Large rock        |     3 |    10 ||    13
  Use: Scroll            |       |     1 ||     1
Armor: Robe              |    23 |    52 ||    75
Dodge: Dodged            |    25 |   114 ||   139
